 Dungeon Crawl Stone Soup version 0.18-a0-1805-g8ab820f (webtiles) character file.

63 Slimper123 the Sneak (level 3, 0/27 HPs)
             Began as a Vampire Assassin on Apr 25, 2016.
             Slain by a worm (5 damage)
             ... on level 2 of the Dungeon.
             The game lasted 00:19:29 (1851 turns).

Slimper123 the Sneak (Vampire Assassin)             Turns: 1851, Time: 00:19:29

Health: 0/27       AC:  4    Str: 11 (12) XL:     3   Next: 89%
Magic:  3/3        EV: 12    Int: 10 (13) God:
Gold:   0          SH:  0    Dex: 14 (16) Spells: 0 memorised, 2 levels left

rFire  . . .     SeeInvis +     k - +0 short sword
rCold  + . .     Gourm    .     c - +0 robe
rNeg   + + .     Faith    .     (no shield)
rPois  +         Spirit   .     w - +0 helmet
rElec  .         Dismiss  .     d - +0 cloak
rCorr  .         Reflect  .     (no gloves)
SustAt .         Harm     .     (no boots)
MR     .....                    (no amulet)
Stlth  ++++......               (no ring)
                                B - +2 ring of strength

@: regenerating slowly, not resistant to hostile enchantments, stealthy
A: fangs 3, see invisible, unbreathing
a: Bat Form


You were on level 2 of the Dungeon.
You were thirsty.

You visited 1 branch of the dungeon, and saw 2 of its levels.

Inventory:

Hand Weapons
 a - a +2 dagger
 b - a +0 blowgun
 k - a +0 short sword (weapon)
 n - a +0 whip
 o - a +0 mace
 p - a cursed +0 short sword
 v - a +0 hunting sling
Missiles
 e - 8 poisoned needles
 f - 2 curare-tipped needles
 l - 9 stones (quivered)
Armour
 c - a +0 robe (worn)
 d - a +0 cloak (worn)
 m - a +0 robe
 w - a +0 helmet (worn)
Jewellery
 B - a +2 ring of strength (left hand)
Wands
 y - a wand of teleportation (6/9)
 z - a wand of lightning (4/15)
Scrolls
 h - a scroll of teleportation {unknown}
 i - 2 scrolls of remove curse {unknown}
 t - 2 scrolls of identify {unknown}
Potions
 g - 10 potions of blood
 j - a potion of curing {unknown}
 r - a potion of ambrosia {unknown}
 x - 2 potions of agility {unknown}
 A - a potion of haste {unknown}
Comestibles
 s - a meat ration
 u - a beef jerky
 C - 2 chunks of flesh


   Skills:
 * Level 2.2 Fighting
 * Level 2.8 Short Blades
 * Level 1.9 Throwing
 * Level 2.1 Dodging
 - Level 6.5 Stealth
 * Level 0.2 Unarmed Combat


You had 2 spell levels left.
You didn't know any spells.

Dungeon Overview and Level Annotations

Branches:
Dungeon (2/15)

Altars:


Innate Abilities, Weirdness & Mutations

You heal slowly.
You have razor-sharp teeth.
You have supernaturally acute eyesight.
You can survive without breathing.


Message History

You hit the worm but do no damage.
The worm is moderately wounded.
The worm bites you!
* * * LOW HITPOINT WARNING * * *
You are too injured to fight recklessly!
You are too injured to fight recklessly!
You are too injured to fight recklessly!
You are too injured to fight recklessly!
It was a potion of degeneration.
There was something very wrong with that liquid.
You feel weakened.
You feel dopey.
You feel clumsy.
You hit the worm but do no damage.
The worm is moderately wounded.
The worm barely misses you.
You hit the worm.
The worm is moderately wounded.
You hit the worm.
The worm is moderately wounded.
The worm bites you.
You die...

....###'############
#...<........#### #
###.###...........# #
K.. #...........### ##..
#.>.........'.'
#.###...##...........###
........#'###......# #
#..##.#.# #......#
#.w@..†.# #......#
#...##### #......# #####
########


You could see a worm.

Vanquished Creatures
  2 adders (D:2)
  2 worms (D:2)
  A dart slug (D:2)
  2 giant geckos (D:2)
  2 bats
  7 giant cockroaches
  A goblin (D:2)
  2 jackals (D:1)
  2 quokkas (D:2)
  A ball python (D:1)
  2 giant newts
  5 kobolds
  7 rats
36 creatures vanquished.

Notes
Turn   | Place    | Note
--------------------------------------------------------------
     0 | D:1      | Slimper123 the Vampire Assassin began the quest for the Orb.
     0 | D:1      | Reached XP level 1. HP: 16/16 MP: 1/1
    45 | D:1      | Reached skill level 6 in Stealth
   357 | D:1      | Reached XP level 2. HP: 22/22 MP: 2/2
   944 | D:2      | Reached XP level 3. HP: 27/27 MP: 3/3
  1851 | D:2      | Slain by a worm

Vault maps used:
D:1:      onia_arrival_larder, serial_park_tiny_pond

Skill      XL: |  1  2  3 |
---------------+----------+-----
Stealth        | 6 |  6.5
Fighting       | 2 |  2.2
Dodging        | 2 |  2.1
Short Blades   | |  2.8
Throwing       | |  1.9
Unarmed Combat | |  0.2

Action                   || total
-------------------------++-------
Melee: Dagger            ||    22
       Short sword       ||    75
       Bite              ||     6
       Unarmed           ||    39
 Abil: End Transformatio ||     1
       Bat Form          ||     1
  Use: Potion            ||     2
 Stab: Sleeping          ||    16
       Distracted        ||     1
Armor: Robe              ||    40
Dodge: Dodged            ||    79
